 Dungeon Crawl Stone Soup version 0.30-a0-322-g102857c98e (webtiles) character file.

Game seed: 896706108433221572

824 funkygono the Firebug (level 7, -7/36 HPs)
             Began as a Gargoyle Fire Elementalist on Oct 27, 2022.
             Was an Initiate of Vehumet.
             Mangled by Duvessa
             ... wielding a +0 short sword
              (8 damage)
             ... on level 5 of the Dungeon.
             The game lasted 00:08:15 (5095 turns).

funkygono the Firebug (Gargoyle Fire Elementalist)  Turns: 5095, Time: 00:08:15

Health: -7/36      AC: 14    Str: 11    XL:     7   Next: 96%
Magic:  12/23      EV: 12    Int: 18    God:    Vehumet [......]
Gold:   310        SH:  0    Dex: 10    Spells: 3/16 levels left

rFire   . . .      SeeInvis .    y - +0 morningstar
rCold   . . .      Faith    .    (no shield)
rNeg    + . .      Spirit   .    a - +0 robe
rPois   ∞          Reflect  .    j - +0 helmet
rElec   +          Harm     .    o - +1 cloak
rCorr   .          Rampage  .    (no gloves)
Will    .....                    r - +0 pair of boots
Stlth   +.........               A - amulet of magic regeneration
HPRegen 0.26/turn                f - +4 ring of protection
MPRegen 0.58/turn                d - ring of magical power

@: lit by a corona, glowing
A: sickness immunity, AC +4, negative energy resistance 1, electricity
resistance, torment resistance 1, petrification resistance
a: Renounce Religion


You were on level 5 of the Dungeon.
You worshipped Vehumet.
Vehumet was noncommittal.
You visited 2 branches of the dungeon, and saw 6 of its levels.

You collected 310 gold pieces.

Inventory:

Hand Weapons
 i - a +0 mace
 n - a +3 quarterstaff of chaos
 x - the +4 hand axe "Kuurress" {drain, +Blink rF+ Str+3}
   (You found it on level 3 of the Dungeon)

   A truly terrible weapon, it drains the life of any living foe it strikes.
   Str:       It affects your strength (+3).
   rF:        It protects you from fire.
   +Blink:    It lets you blink.
 y - a +0 morningstar (weapon)
Armour
 a - a +0 robe (worn)
 j - a +0 helmet (worn)
 o - a +1 cloak (worn)
 r - a +0 pair of boots (worn)
Jewellery
 d - a ring of magical power (right hand)
 f - a +4 ring of protection (left hand)
 h - a ring of willpower
 q - an amulet of guardian spirit
 s - a +6 ring of strength
 A - an amulet of magic regeneration (around neck)
Scrolls
 g - a scroll of teleportation
 m - a scroll of blinking
 p - a scroll of magic mapping
 B - a scroll of brand weapon {unknown}
 C - a scroll of amnesia
Potions
 b - a potion of magic
 c - 2 potions of attraction
 e - 4 potions of curing
 k - 2 potions of heal wounds
 l - a potion of ambrosia
 t - a potion of invisibility {unknown}
 u - a potion of berserk rage {unknown}
 v - a potion of might {unknown}
 w - a potion of mutation {unknown}
 z - a potion of haste {unknown}


   Skills:
 + Level 0.1 Maces & Flails
 + Level 1.8 Dodging
 + Level 2.8 Stealth
 * Level 5.1 Spellcasting
 * Level 4.7 Conjurations
 * Level 5.7 Fire Magic


You had 3 spell levels left.
You knew the following spells:

 Your Spells              Type           Power      Damage    Failure   Level
a - Foxfire               Conj/Fire      92%        2x1d8     1%          1
b - Scorch                Fire           50%        2d8       1%          2
c - Kindle Blastsparks    Fire/Tloc/Air  22%        2d11      19%         3
d - Flame Wave            Conj/Fire      23%        2d8       16%         4
e - Magic Dart            Conj           84%        1d7       1%          1
f - Searing Ray           Conj           42%        2d6       2%          2

Your spell library contained the following spells:

 Spells                   Type           Power      Damage    Failure   Level
 Inner Flame              Hex/Fire       14%        N/A       12%         3
 Ensorcelled Hibernation  Hex/Ice        8%         N/A       21%         2
 Passwall                 Tmut/Erth      3%         N/A       21%         2
 Swiftness                Air            4%         N/A       36%         3
 Fulminant Prism          Conj/Hex       6%         3d7       43%         4
 Iskenderun's Mystic Bla  Conj/Tloc      13%        2d5       43%         4
 Lee's Rapid Deconstruct  Erth           2%         3d4*      98%         5


Dungeon Overview and Level Annotations

Branches:
Dungeon (5/15)             Temple (1/1) D:4

Altars:
Cheibriados
Dithmenos
Elyvilon
Fedhas
Gozag
Hepliaklqana
Kikubaaqudgha
Nemelex Xobeh
Okawaru
Qazlal
Ru
Sif Muna
Trog
Vehumet
Wu Jian
Xom
Zin

Annotations:
D:5 Duvessa


Innate Abilities, Weirdness & Mutations

You are immune to sickness and miasma.
Your stone body is resilient. (AC +4)
You are immune to poison.
You resist negative energy. (rN+)
You are resistant to electric shocks. (rElec)
You are resistant to unholy torment.
You are immune to petrification.


Message History

Confirm with . or Enter, or press ? or * to list all spells.
You conjure some foxfire!
Duvessa hits you but does no damage. x2
Casting: Foxfire (safe; 1% risk of failure)
Confirm with . or Enter, or press ? or * to list all spells.
Flames lash Duvessa but do no damage.
The foxfire hits Duvessa.
Duvessa is moderately wounded.
The foxfire hits Duvessa but does no damage.
Duvessa is moderately wounded.
Duvessa hits you with a +0 short sword.
Casting: Scorch (safe; 1% risk of failure)
Confirm with . or Enter, or press ? or * to list all spells.
You conjure some foxfire!
Duvessa hits you with a +0 short sword. Duvessa closely misses you.
Casting: Foxfire (safe; 1% risk of failure)
Confirm with . or Enter, or press ? or * to list all spells.
Flames lash Duvessa but do no damage.
The foxfire hits Duvessa but does no damage.
Duvessa is moderately wounded.
The foxfire hits Duvessa.
Duvessa is moderately wounded.
Duvessa closely misses you.
Casting: Scorch (safe; 1% risk of failure)
Confirm with . or Enter, or press ? or * to list all spells.
You conjure some foxfire!
Duvessa hits you but does no damage. Duvessa hits you with a +0 short sword.
Casting: Foxfire (safe; 1% risk of failure)
Confirm with . or Enter, or press ? or * to list all spells.
Flames lash Duvessa.
Duvessa is moderately wounded.
Duvessa's fire resistance burns away.
The foxfire hits Duvessa but does no damage.
Duvessa is moderately wounded.
The foxfire hits Duvessa but does no damage.
Duvessa is moderately wounded.
Duvessa hits you with a +0 short sword!
* * * LOW HITPOINT WARNING * * *
Casting: Scorch (safe; 1% risk of failure)
Confirm with . or Enter, or press ? or * to list all spells.
You conjure some foxfire!
Duvessa hits you with a +0 short sword!
You die...

#... #... #...
#... #... #####
... #...#
###'####...#
#...)...v..#
#.....e@v..#
########.###
####.##########
#..............
#..............
#..............
#..............
##..###...#####
###..###...#####


You could see Duvessa (berserk, combustible, ally target).

Vanquished Creatures
  Grinder (D:4)
  An ice beast (D:5)
  An ogre (D:2)
  Dowan (D:5)
  A howler monkey (D:3)
  A hound (D:5)
  2 orc priests
  Crazy Yiuf (D:2)
  Terence (D:2)
  An orc wizard (D:4)
  Robin (D:3)
  6 adders
  A shadow imp (D:5)
  An ufetubus (D:4)
  An adder skeleton (D:2)
  A worm (D:3)
  4 dart slugs
  7 orcs
  A bat skeleton (D:2)
  7 endoplasms
  5 giant cockroaches
  15 goblins
  10 hobgoblins
  2 jackals (D:2)
  11 kobolds
  3 quokkas
  7 ball pythons
  A ball python zombie (D:2)
  6 bats
  4 frilled lizards
  4 rats
109 creatures vanquished.

Vanquished Creatures (others)
  314 foxfires
  A withered plant (D:2)
315 creatures vanquished.

Grand Total: 424 creatures vanquished

Notes
Turn   | Place    | Note
-------+----------+-------------------------------------------
     0 | D:1      | funkygono the Gargoyle Fire Elementalist began the quest
                  | for the Orb.
     0 | D:1      | Reached XP level 1. HP: 10/10 MP: 3/3
   191 | D:1      | Reached XP level 2. HP: 15/15 MP: 1/5
   313 | D:1      | Learned a level 2 spell: Scorch
   491 | D:1      | Reached XP level 3. HP: 19/19 MP: 2/6
   495 | D:1      | Learned a level 3 spell: Kindle Blastsparks
  1280 | D:2      | Noticed an ogre
  1286 | D:2      | Killed an ogre
  1287 | D:2      | Reached XP level 4. HP: 24/24 MP: 0/8
  1287 | D:2      | Reached XP level 5. HP: 28/28 MP: 0/9
  1296 | D:2      | Learned a level 4 spell: Flame Wave
  1444 | D:2      | Found a faded altar of an unknown god.
  1626 | D:2      | Found a runed translucent door.
  1627 | D:2      | Noticed Crazy Yiuf
  2034 | D:2      | Noticed Terence
  2040 | D:2      | Killed Terence
  2474 | D:2      | Killed Crazy Yiuf
  2856 | D:3      | Noticed Robin
  2877 | D:3      | Killed Robin
  2878 | D:3      | Reached XP level 6. HP: 32/32 MP: 8/11
  3230 | D:3      | Identified the +4 hand axe "Kuurress" {drain, +Blink rF+
                  | Str+3}
  3652 | D:3      | Found a snail-covered altar of Cheibriados.
  4201 | D:4      | Reached skill level 5 in Fire Magic
  4201 | D:4      | Reached XP level 7. HP: 36/36 MP: 13/13
  4272 | D:4      | Noticed Grinder
  4272 | D:4      | Paralysed by Grinder for 2 turns
  4281 | D:4      | Killed Grinder
  4434 | D:4      | Found a staircase to the Ecumenical Temple.
  4571 | Temple   | Entered the Ecumenical Temple
  4731 | Temple   | Became a worshipper of Vehumet
  4944 | D:5      | Entered Level 5 of the Dungeon
  5045 | D:5      | Reached skill level 5 in Spellcasting
  5047 | D:5      | Learned a level 1 spell: Magic Dart
  5050 | D:5      | Learned a level 2 spell: Searing Ray
  5080 | D:5      | Noticed Duvessa
  5080 | D:5      | Noticed Dowan
  5084 | D:5      | Killed Dowan
  5094 | D:5      | HP: 1/36 [Duvessa/+0 short sword (11)]
  5095 | D:5      | Mangled by Duvessa

Illustrated notes

Levels and vault maps discovered:
D:1:      dpeg_arrival_more_subterranean_lakeside_camping, layout_basic
D:2:      layout_basic, ebering_ecumenical_altar_petrified, serial_undead,
          serial_undead_b, serial_undead_a, serial_undead_f, serial_undead_b,
          uniq_terence, uniq_crazy_yiuf_cottage
D:3:      layout_basic, kennysheep_slug_shrine, minmay_misc_feat_chi,
          fountainhead, corexii_leaking_fountain,
          chequers_serial_rivers_large_a, minmay_misc_feat_tower,
          skrybe_limestone_x, minmay_joined_circles, uniq_robin
D:4:      layout_gridville, minmay_temple_entry_nine_rooms, uniq_grinder
D:5:      layout_gridville, kennysheep_mini_moat, minmay_stone_trees_small,
          uniq_prince_ribbit1, uniq_duvessa
Temple:   nicolae_temple_elliptical

Skill      XL: |  1  2  3  4  5  6  7 |
---------------+----------------------+-----
Conjurations   | 2 3 4 |  4.7
Spellcasting   | 3 4 5 |  5.1
Fire Magic     | 4 5 |  5.7
Maces & Flails | |  0.1
Dodging        | |  1.8
Stealth        | |  2.8

Action                   |  1- 3 |  4- 6 |  7- 9 || total
-------------------------+-------+-------+-------++-------
Melee: Unarmed           |     8 |       |       ||     8
       Club              |     8 |       |       ||     8
       Mace              |    12 |     8 |       ||    20
       Morningstar       |       |    16 |     1 ||    17
 Cast: Foxfire           |    56 |   104 |    23 ||   183
       Scorch            |     2 |    11 |    13 ||    26
  Use: Scroll            |       |    12 |       ||    12
 Stab: Sleeping          |       |     1 |       ||     1
Armor: Robe              |    16 |    30 |     5 ||    51
Dodge: Dodged            |    23 |    23 |     5 ||    51

Table legend: (Time is in decaauts)
 A = Elapsed time spent in this place.
 B = Non-inter-level travel time spent in this place.
 C = Inter-level travel time spent in this place.
 D = Time resting spent in this place.
 E = Time spent auto-exploring this place.
 F = Levels seen in this place.
 G = Mean time per level.
                   A        B        C        D        E       F      G
               +--------+--------+--------+--------+--------+-----+--------+
         Total |   5123 |   4890 |    233 |    198 |   3882 |   6 |  853.8 |
       Dungeon |   4938 |   4749 |    189 |    198 |   3755 |   5 |  987.6 |
        Temple |    184 |    141 |     43 |      0 |    127 |   1 |  184.0 |
               +--------+--------+--------+--------+--------+-----+--------+

Top non-repeatable levels by time:
     D:2: 1514 daAuts
     D:3: 1196 daAuts
     D:1: 1145 daAuts
     D:4: 930 daAuts
  Temple: 184 daAuts
     D:5: 150 daAuts
